[Event "*** Titled Tuesday Blitz"]
[Site "Chess.com"]
[Date "2019.04.02"]
[Round "1"]
[White "Zhuu96"]
[Black "Chessialist"]
[Result "1/2-1/2"]
[WhiteElo "2958"]
[BlackElo "2505"]
[TimeControl "180+2"]
[EndTime "14:07:58 PDT"]
[Termination "Game drawn by agreement"]

1. e4 c5 2. Nf3 Nc6 3. Nc3 e6 4. d4 cxd4 5. Nxd4 a6 6. Be3 Qc7 7. a3 Nf6 8. f4 d6 9. Qf3 Be7 10.
O-O-O Bd7 11. Be2 Nxd4 12. Bxd4 Bc6 13. g4 O-O 14. g5 Nd7 15. Rhg1 e5 16. Bf2 exf4 17.
h4 Ne5 18. Qxf4 b5 19. h5 Rab8 20. Qd2 a5 21. Nd5 Bxd5 22. Qxd5 Rfc8 23. Rd2 Qc6 24. Qxc6 Rxc6 25. Kb1 b4 26. a4 g6 27. Rd5 Ra8 28.
Bd4 Bf8 29. hxg6 hxg6 30. Bb5 Rcc8 31. Rh1 Bg7 32. Rxd6 Nc4 33. Bxg7 Kxg7 34. Rd3 Ne5 35. Rdh3 Kf8 36. Rd1 Ke7 37. Rd5 Ke6 38. Rh1 Rd8 39.
Rhd1 Rxd5 40. Rxd5 Ra7 41. Be2 f6 42. gxf6 Kxf6 43.
Kc1 g5 44. Kd2 g4 45. Ke3 Rc7 46. Bd3 g3 47. Rxa5 g2 48. Kf2 b3 49. Kxg2 bxc2 50.
Bxc2 Rxc2+ 51. Kg3 Rxb2 52. Rb5 Rxb5 53. axb5 Ke6 54. b6 1/2-1/2

[Event "*** Titled Tuesday Blitz"]
[Site "Chess.com"]
[Date "2019.04.02"]
[Round "1"]
[White "m3alam"]
[Black "KenanGarayev"]
[Result "0-1"]
[WhiteElo "2408"]
[BlackElo "2734"]
[TimeControl "180+2"]
[EndTime "14:07:58 PDT"]
[Termination "KenanGarayev won by resignation"]

1. d4 d5 2. Nf3 Nf6 3. c4 e6 4.
Nc3 a6 5. e3 dxc4 6. Bxc4 b5 7.
Bd3 Bb7 8. O-O c5 9. e4 cxd4 10. Nxd4 Nc6 11. Nxc6 Bxc6 12. e5 Nd5 13. Ne4 Qc7 14. Qh5 Be7 15. Bd2 g6 16. Nd6+ Bxd6 17. exd6 Qxd6 18. Qh6 Qf8 19. Qh4 Qe7 20. Bg5 f6 21.
Bd2 O-O 22. Rfe1 Rae8 23. Rac1 Bd7 24. Bh6 Rf7 25. Qg3 e5 26. Bc2 Kh8 27. Bb3 Be6 28. Rcd1 Nb6 29. Bc2 Qc5 30. Bb1 a5 31. Be3 Qc6 32.
Bh6 a4 33. Re3 Rd7 34. Rde1 Red8 35. Bxg6 hxg6 36. Qxg6 Rg8 37. Qxf6+ Kh7 38. Bg5 Rg6 39. Rh3+ Bxh3 0-1

[Event "*** Titled Tuesday Blitz"]
[Site "Chess.com"]
[Date "2019.04.02"]
[Round "1"]
[White "guillembaches"]
[Black "Cruel_Yaro"]
[Result "0-1"]
[WhiteElo "2337"]
[BlackElo "2654"]
[TimeControl "180+2"]
[EndTime "14:08:00 PDT"]
[Termination "Cruel_Yaro won by resignation"]

1. e4 c5 2. Nf3 d6 3. d4 cxd4 4. Qxd4 a6 5. Be2 Nc6 6. Qe3 g6 7. h3 Bg7 8. c4 Nf6 9. Nc3 O-O 10.
O-O Nd7 11. Rd1 b6 12. b3 Bb7 13. Bb2 Rc8 14. Rab1 Nc5 15. Nd5 e6 16. Bxg7 Kxg7 17. Nf4 Qe7 18. e5 dxe5 19. Nxe5 Nxe5 20. Qxe5+ Qf6 21. Qxf6+ Kxf6 22. Rd6 Ke5 23. Rxb6 Kxf4 24. b4 Be4 25. Rd1 Na4 26. Rxa6 Nc3 27. Rd2 Nxe2+ 28.
Rxe2 Bd3 29. Re3 Bxc4 30. Ra5 Bd5 31. b5 Rc1+ 32. Kh2 Rc2 33. Ra4+ Kg5 34. Kg3 Rb2 35. Rg4+ Kf6 36. a4 Rc8 37. h4 h6 38. Rf4+ Kg7 39. Ra3 g5 40. hxg5 hxg5 41. Rd4 Rcc2 42. a5 Rxb5 43.
a6 Rc8 44. a7 Ra8 45. Rda4 Rb7 46. Ra6 f5 47. f3 Kf6 48. Kf2 f4 49. R3a5 Ke5 50. Ra3 Rb2+ 51. Ke1 Rxg2 52. Rb6 Rh2 53. Rb8 Rh8 54. Rxh8 Rxh8 55. Ra5 Kd4 0-1

[Event "*** Titled Tuesday Blitz"]
[Site "Chess.com"]
[Date "2019.04.02"]
[Round "1"]
[White "Chess_for_enjoy"]
[Black "Walter_White_Poland"]
[Result "0-1"]
[WhiteElo "2529"]
[BlackElo "2220"]
[TimeControl "180+2"]
[EndTime "14:08:01 PDT"]
[Termination "Walter_White_Poland won by resignation"]

1. d4 Nf6 2. c4 c5 3. d5 e6 4.
Nc3 exd5 5. cxd5 d6 6. e4 g6 7. f4 Bg7 8. Bb5+ Nfd7 9. Bd3 Qh4+ 10. g3 Qe7 11. Nf3 c4 12. Bxc4 Bxc3+ 13. bxc3 Qxe4+ 14. Be2 Nb6 15. O-O Qxd5 16. Qc2 O-O 17. c4 Bf5 18. Qc3 Na4 19. Qb4 Qc5+ 20. Qxc5 Nxc5 21. Bb2 Nc6 22. Rfd1 Rfe8 23. Kf1 Ne4 24. Bd3 Bg4 25. Kg2 Nc5 26. h3 Nxd3 27. Rxd3 Re2+ 28. Kf1 Bxf3 29. Ba3 Rh2 30. Re1 Rh1+ 31. Kf2 Rxe1 32. Kxe1 Re8+ 33. Kf2 Be4 34. Rxd6 Rd8 35. Ke3 Rxd6 36. Bxd6 Bb1 37. a3 f5 38. g4 Kf7 39. Bc5 fxg4 40. hxg4 h5 41. gxh5 gxh5 42. Kf2 Bd3 43. Kg3 Bxc4 44.
Kh4 Kg6 45. Be3 Be6 46. Bc1 Bg4 0-1

[Event "*** Titled Tuesday Blitz"]
[Site "Chess.com"]
[Date "2019.04.02"]
[Round "1"]
[White "wonderfultime"]
[Black "rubhani"]
[Result "1-0"]
[WhiteElo "2913"]
[BlackElo "2490"]
[TimeControl "180+2"]
[EndTime "14:08:02 PDT"]
[Termination "wonderfultime won by resignation"]

1. d4 Nf6 2. Nf3 e6 3. Bf4 c5 4.
c3 Nc6 5. e3 b6 6. Bd3 Bb7 7.
Nbd2 Be7 8. h3 O-O 9. O-O cxd4 10. exd4 d6 11. Re1 Re8 12. Bh2 Bf8 13. a4 Rc8 14.
Nc4 g6 15. Qb3 Ba6 16. Rad1 Bxc4 17. Qxc4 d5 18. Qa6 Bd6 19. Ne5 Qc7 20. Qb5 Nd7 21.
f4 f5 22. Bg3 Ncxe5 23. fxe5 Be7 24. Ra1 Ra8 25. c4 Qb7 26. cxd5 Qxd5 27. Qxd5 exd5 28. Bb5 Red8 29. Bc6 Rac8 30. Bxd5+ Kg7 31. Rac1 Rxc1 32. Rxc1 Nf8 33. Rc7 Rxd5 34. Rxe7+ Kg8 35. e6 Rxd4 36. Be5 Re4 37. Rg7+ Kh8 38. Bc3 Nxe6 39. Rxg6+ Nd4 40. Rd6 1-0

[Event "*** Titled Tuesday Blitz"]
[Site "Chess.com"]
[Date "2019.04.02"]
[Round "1"]
[White "Heineccius"]
[Black "1995Tiger"]
[Result "1-0"]
[WhiteElo "2511"]
[BlackElo "2020"]
[TimeControl "180+2"]
[EndTime "14:08:02 PDT"]
[Termination "Heineccius won on time"]

1. d4 Nf6 2. c4 c5 3. d5 e6 4. Nc3 exd5 5. cxd5 d6 6. e4 g6 7. f4 Bg7 8. Bb5+ Nfd7 9. a4 O-O 10. Nf3 Na6 11. O-O Nb4 12. Re1 Nf6 13. h3 a6 14.
Bf1 Re8 15. Qb3 Rb8 16. Bd2 b6 17. Rad1 Bb7 18. Bc1 Nd7 19. Be3 Qc7 20. Bf2 Rbc8 21. Bg3 Qb8 22. Bc4 Qa8 23. e5 Qb8 24. e6 Nf8 25. Ng5 f6 26. Nf7 f5 27. Bh4 Qc7 28.
Re2 h6 29. Rde1 Nh7 30. Nd1 Nf8 31. g4 Nh7 32. gxf5 gxf5 33. Rg2 Nf8 34. Qg3 1-0

[Event "*** Titled Tuesday Blitz"]
[Site "Chess.com"]
[Date "2019.04.02"]
[Round "1"]
[White "Medvegy"]
[Black "mjray79"]
[Result "1-0"]
[WhiteElo "2539"]
[BlackElo "2166"]
[TimeControl "180+2"]
[EndTime "14:08:03 PDT"]
[Termination "Medvegy won on time"]

1. Nf3 Nf6 2. c4 g6 3. Nc3 Bg7 4. e4 d6 5. d4 O-O 6. Be2 c5 7. d5 Bg4 8. Ng5 Bxe2 9. Qxe2 Nbd7 10. O-O h6 11. Nf3 Ne5 12. Ne1 Ne8 13. f4 Nd7 14. Nf3 a6 15. a4 Nc7 16. Bd2 e5 17. f5 g5 18. a5 b5 19. axb6 Nxb6 20. Ra5 Rb8 21.
b3 Nd7 22. Ra3 Rb6 23. Nd1 Qb8 24. Qd3 Nf6 25. Nf2 g4 26. Ne1 h5 27. Nc2 Qa7 28.
h3 gxh3 29. gxh3 Rfb8 30. Kh2 Qb7 31. Na1 Qc8 32. Rg1 Kh7 33. Qf3 Bh6 34. Bxh6 Kxh6 35. Qe3+ Kh7 36. Qg5 1-0

[Event "*** Titled Tuesday Blitz"]
[Site "Chess.com"]
[Date "2019.04.02"]
[Round "1"]
[White "Anahita_Gholami"]
[Black "MFBerna"]
[Result "1-0"]
[WhiteElo "2682"]
[BlackElo "2366"]
[TimeControl "180+2"]
[EndTime "14:08:04 PDT"]
[Termination "Anahita_Gholami won by resignation"]

1. d4 d5 2. c4 c6 3. Nc3 dxc4 4. Nf3 Nf6 5. e3 b5 6. a4 b4 7.
Ne2 Ba6 8. Ng3 Nbd7 9. Qc2 e6 10. Bxc4 Qc8 11. O-O Be7 12. Bd2 O-O 13. Rfc1 c5 14. Qd3 Bb7 15. e4 Qd8 16. e5 Nd5 17. Ne4 cxd4 18.
Neg5 g6 19. Qxd4 Qb6 20. Qh4 h5 21. Qg3 Kg7 22. a5 Qd8 23. a6 Bc6 24. Bd3 Nc5 25. Rxc5 Bxc5 26. Nxe6+ Kh8 27. Nxd8 Raxd8 28. Qg5 Kg8 29.
Bxg6 Be7 30. Qxh5 fxg6 31. Qxg6+ Kh8 32. Qxc6 1-0

[Event "*** Titled Tuesday Blitz"]
[Site "Chess.com"]
[Date "2019.04.02"]
[Round "1"]
[White "albi1999"]
[Black "kasparicy"]
[Result "1-0"]
[WhiteElo "2636"]
[BlackElo "2322"]
[TimeControl "180+2"]
[EndTime "14:08:04 PDT"]
[Termination "albi1999 won by resignation"]

1. d4 Nf6 2. c4 g6 3. g3 c6 4. Bg2 d5 5. Qa4 Bg7 6. cxd5 Nxd5 7.
Nf3 O-O 8. O-O Bg4 9. Nbd2 Nd7 10. h3 N7b6 11. Qb3 Be6 12. Qd1 h6 13. Nb3 Nb4 14. Nc5 Bd5 15. a3 Na6 16. Nxb7 Qc8 17. Na5 Rb8 18. Qc2 c5 19. e4 Ba8 20. d5 Rd8 21. Bf4 e5 22. dxe6 Qxe6 23. Bxb8 Rxb8 24. Nd2 c4 25. Rac1 Rc8 26. Ndxc4 Nc5 27. Nxb6 axb6 28. b4 bxa5 29. bxc5 Bd4 30. Qa4 Qe5 31. Kh2 Bxe4 32. Rce1 f5 33. Bxe4 fxe4 34. Qc2 Qxc5 35. Qxe4 Bg7 36.
Qxg6 Rf8 37. Qe6+ Kh8 38. Kg2 Qxa3 39. Qd5 Qb4 40. Rb1 Qd2 41. Qxd2 1-0

[Event "*** Titled Tuesday Blitz"]
[Site "Chess.com"]
[Date "2019.04.02"]
[Round "1"]
[White "AttilaTurzo"]
[Black "dopolian"]
[Result "1-0"]
[WhiteElo "2550"]
[BlackElo "2201"]
[TimeControl "180+2"]
[EndTime "14:08:07 PDT"]
[Termination "AttilaTurzo won by checkmate"]

1. d4 Nf6 2. c4 c5 3. d5 e6 4.
Nc3 exd5 5. cxd5 d6 6. Nf3 g6 7. g3 Bg7 8. Bg2 O-O 9. O-O Re8 10. Nd2 a6 11. a4 Nbd7 12. h3 Qe7 13. Nc4 Ne5 14.
Nb6 Rb8 15. e4 Nfd7 16. Nxc8 Rexc8 17. a5 g5 18. f4 Ng6 19. e5 gxf4 20. gxf4 dxe5 21.
d6 Qh4 22. fxe5 Bxe5 23. Ne4 Bd4+ 24. Kh1 h6 25. Qf3 Nde5 26. Nf6+ Kg7 27. Nh5+ Kg8 28. Qf5 Rd8 29. Bxh6 Rd7 30. Nf6+ Kh8 31. Bg5 Qg3 32. Bf4 Nxf4 33. Qh7# 1-0

[Event "*** Titled Tuesday Blitz"]
[Site "Chess.com"]
[Date "2019.04.02"]
[Round "1"]
[White "DrVitman"]
[Black "jcgs1030"]
[Result "1-0"]
[WhiteElo "2633"]
[BlackElo "2319"]
[TimeControl "180+2"]
[EndTime "14:08:08 PDT"]
[Termination "DrVitman won by resignation"]

1. d4 d5 2. Nf3 Nf6 3. Bf4 e6 4. e3 Bd6 5. Bg3 c5 6. c3 Nc6 7. Bd3 O-O 8. Nbd2 b6 9. Qe2 Qc7 10. dxc5 bxc5 11. e4 dxe4 12. Nxe4 Nxe4 13. Qxe4 f5 14. Qh4 h6 15. Bxd6 Qxd6 16. O-O-O Qe7 17. Qxe7 Nxe7 18. Rhe1 Rb8 19. Bc4 Rb6 20. Re5 Ng6 21. Rxc5 Bb7 22. Nd4 Rf6 23. g3 Kh7 24. Re1 e5 25.
Nc2 Rfc6 26. Rxc6 Rxc6 27. Bd5 Rc7 28. Bxb7 Rxb7 29. Ne3 Rf7 30. c4 f4 31. Ng4 fxg3 32. fxg3 Rf5 33. Re2 h5 34. Ne3 Rf3 35. Nd5 h4 36.
gxh4 Rh3 37. c5 Rxh4 38. c6 Rd4 1-0

[Event "*** Titled Tuesday Blitz"]
[Site "Chess.com"]
[Date "2019.04.02"]
[Round "1"]
[White "Sashadav97"]
[Black "Keures"]
[Result "1-0"]
[WhiteElo "2540"]
[BlackElo "2172"]
[TimeControl "180+2"]
[EndTime "14:08:14 PDT"]
[Termination "Sashadav97 won by checkmate"]

1. d4 Nf6 2. c4 c5 3. d5 b5 4.
cxb5 a6 5. Nc3 axb5 6. e4 b4 7. Nb5 d6 8. a4 bxa3 9. Rxa3 Rxa3 10. bxa3 Nbd7 11. Qa4 g6 12. Qa7 Bg7 13. Nc7+ Kf8 14. f3 Ne8 15. Nxe8 Kxe8 16. Bb5 Bc3+ 17. Kf1 Kf8 18.
Ne2 Bg7 19. Qa8 Qc7 20. Bd2 Nb6 21. Qa5 f5 22. Kf2 Kf7 23. Rb1 fxe4 24. Bc6 exf3 25.
gxf3 Na8 26. Qxa8 Bf5 27. Qb7 Qd8 28. Rb5 Bd3 29. Ba5 Qf8 30. Bd7 Kf6 31. Rb3 c4 32.
Rxd3 cxd3 33. Qb2+ Kg5 34. Bd2+ Kh4 35. Qb4+ Kh5 36.
Ng3# 1-0

[Event "*** Titled Tuesday Blitz"]
[Site "Chess.com"]
[Date "2019.04.02"]
[Round "1"]
[White "tteshan"]
[Black "biostatistician"]
[Result "0-1"]
[WhiteElo "2220"]
[BlackElo "2559"]
[TimeControl "180+2"]
[EndTime "14:08:15 PDT"]
[Termination "biostatistician won by resignation"]

1. d4 e6 2. c4 d5 3. Nc3 Be7 4.
cxd5 exd5 5. Nf3 c6 6. Bf4 Nf6 7. e3 Bf5 8. Bd3 Bxd3 9. Qxd3 Nbd7 10. O-O O-O 11. Ne5 Re8 12. h3 Nxe5 13. Bxe5 Bd6 14. Bxd6 Qxd6 15. Ne2 a5 16. Ng3 Ne4 17. Nxe4 Rxe4 18.
Rfe1 Rae8 19. f3 R4e6 20. Kf2 Rg6 21. Kg1 Qg3 22. Re2 Qxf3 23. Qxg6 Qxe2 24. Qf5 Qxe3+ 25. Kh1 g6 26. Qd7 Qe7 27. Qg4 Qe6 28. Qf3 Qe4 29.
Qf6 Qe7 30. Qf4 f5 31. Rd1 a4 32. Rd2 Qe3 33. Qxe3 Rxe3 34. Kg1 Kf7 35. Kf2 Re4 36. Kf3 Kf6 37. Rd3 g5 38. g4 Kg6 39. gxf5+ Kxf5 40. b3 axb3 41. Rxb3 Rxd4 42. Rxb7 Rd3+ 43. Kg2 Rd2+ 44. Kg3 Rxa2 45. Rxh7 c5 46. Rc7 Ra3+ 47. Kg2 c4 48. Rh7 Rd3 49. h4 gxh4 50. Rxh4 c3 51. Rh8 d4 52. Kf2 c2 53. Rc8 Rc3 0-1

[Event "*** Titled Tuesday Blitz"]
[Site "Chess.com"]
[Date "2019.04.02"]
[Round "1"]
[White "GataKamsky1974"]
[Black "Superfelix"]
[Result "1-0"]
[WhiteElo "2760"]
[BlackElo "2428"]
[TimeControl "180+2"]
[EndTime "14:08:16 PDT"]
[Termination "GataKamsky1974 won by resignation"]

1. d4 Nf6 2. Nf3 g6 3. Bg5 Bg7 4. c3 O-O 5. Nbd2 d6 6. e4 b6 7. Bd3 Nbd7 8. O-O Bb7 9. Re1 e5 10. a4 a6 11. Qc2 h6 12. Bh4 Qe8 13. b4 Nh5 14. Rad1 Nf4 15. Bc4 Kh7 16. Bg3 Nh5 17.
Nf1 Nxg3 18. Nxg3 Qe7 19. h4 Nf6 20. h5 Rae8 21. dxe5 dxe5 22. Qe2 a5 23. bxa5 bxa5 24. Rb1 Ba8 25. Rb5 Qa3 26. Qc2 Ng4 27. Rxa5 Rd8 28. Qc1 Qd6 29. Qc2 Kh8 30. Ra6 c6 31. Qe2 Qc5 32. Rf1 Bb7 33. hxg6 fxg6 34. Nh4 Nxf2 35.
Nxg6+ Kh7 36. Nxf8+ Rxf8 37. Rxf2 Bxa6 38. Bxa6 Bf6 39.
Nf5 Bg5 40. Kh2 Rd8 41. Qf3 Rf8 42. g3 Qa5 43. Qd3 Qc5 44. Kg2 Rd8 45. Qc4 Qf8 46. Qxc6 Rd1 47. Qc7+ Kh8 48. Qxe5+ Bf6 49. Nd4 1-0

[Event "*** Titled Tuesday Blitz"]
[Site "Chess.com"]
[Date "2019.04.02"]
[Round "1"]
[White "Ar4uha"]
[Black "DACF2905"]
[Result "1/2-1/2"]
[WhiteElo "2513"]
[BlackElo "2076"]
[TimeControl "180+2"]
[EndTime "14:08:16 PDT"]
[Termination "Game drawn by repetition"]

1. e4 c5 2. Nf3 e6 3. d4 cxd4 4.
Nxd4 a6 5. c4 Qc7 6. a3 Nc6 7.
Be3 Nf6 8. Nc3 Be7 9. Rc1 O-O 10. Be2 d6 11. O-O Bd7 12. f3 Rac8 13. Nd5 exd5 14. cxd5 Qa5 15. dxc6 bxc6 16. Qd2 Qxd2 17. Bxd2 c5 18.
Nc2 Bb5 19. Rfe1 Nd7 20. Ne3 Ne5 21. Bc3 Bg5 22. Kf2 Bxe2 23. Kxe2 Bxe3 24. Kxe3 Rfe8 25. Red1 Nc4+ 26. Kd3 Nb6 27. Kc2 Rc6 28. Rd2 Nc4 29. Rd3 f6 30. Rcd1 Kf7 31. Kb3 Na5+ 32. Bxa5 c4+ 33.
Ka4 cxd3 34. Rxd3 Rec8 35. Bc3 Ke6 36. Ka5 Rc5+ 37. Kxa6 R8c7 38. a4 R7c6+ 39. Kb7 Rc7+ 40. Kb6 R7c6+ 41. Kb7 Rc7+ 42. Kb6 R7c6+ 43. Kb7 Rc7+ 1/2-1/2

[Event "*** Titled Tuesday Blitz"]
[Site "Chess.com"]
[Date "2019.04.02"]
[Round "1"]
[White "UCantHandleDenker"]
[Black "iturrizaga"]
[Result "0-1"]
[WhiteElo "2463"]
[BlackElo "2858"]
[TimeControl "180+2"]
[EndTime "14:08:19 PDT"]
[Termination "iturrizaga won by checkmate"]

1. Nf3 c5 2. g3 g6 3. Bg2 Bg7 4.
O-O Nc6 5. d3 e5 6. e4 Nge7 7.
c3 O-O 8. a3 a5 9. a4 d5 10.
Na3 h6 11. Re1 Re8 12. Nb5 Be6 13. Qc2 Rc8 14. h4 Qd7 15. Qe2 Red8 16. Kh2 Bg4 17.
Qf1 d4 18. cxd4 cxd4 19. Bd2 Be6 20. Bh3 f5 21. h5 g5 22. exf5 Bxf5 23. Bxf5 Qxf5 24.
Kg2 Rf8 25. Qe2 Rf6 26. Nh2 Rcf8 27. Rf1 Nd5 28. Ng4 Re6 29. Rad1 e4 30. Nh2 exd3 31. Qg4 Re2 32. Qxf5 Rxf5 33. Ng4 Bf8 34. Kh3 Kg7 35. Bc1 Ndb4 36. Nc7 Bd6 37. Nb5 Bf8 38. f4 gxf4 39. Bxf4 Rxh5# 0-1

[Event "*** Titled Tuesday Blitz"]
[Site "Chess.com"]
[Date "2019.04.02"]
[Round "1"]
[White "davidarenas1224"]
[Black "alturas_pacificas"]
[Result "0-1"]
[WhiteElo "2562"]
[BlackElo "2266"]
[TimeControl "180+2"]
[EndTime "14:08:19 PDT"]
[Termination "alturas_pacificas won by resignation"]

1. e4 e5 2. Nf3 Nf6 3. Nxe5 d6 4.
Nc4 Nxe4 5. Nc3 Nxc3 6. bxc3 Be7 7.
d4 O-O 8. Ne3 c6 9. c4 f5 10.
Bd3 Bf6 11. c3 f4 12. Nc2 Qe8+ 13. Qe2 Qxe2+ 14. Kxe2 Bg5 15. Kf3 Bf5 16. Bxf5 Rxf5 17. Ba3 c5 18. Rhe1 Nc6 19. Re6 Rd8 20. Rae1 Kf7 21. R6e2 Bf6 22. Rd1 h5 23. h3 g5 24.
Red2 Rg8 25. Ke2 g4 26. hxg4 hxg4 27. dxc5 dxc5 28. Rd7+ Kg6 29. Rxb7 f3+ 30. gxf3 gxf3+ 31. Kd2 Rd8+ 32. Kc1 Bg5+ 33. Ne3 Bxe3+ 34. Kc2 Rxd1 35.
Kxd1 Bxf2 36. Rc7 Rf6 37. Bc1 Bg3 38. Be3 Bxc7 0-1

[Event "*** Titled Tuesday Blitz"]
[Site "Chess.com"]
[Date "2019.04.02"]
[Round "1"]
[White "bubacik"]
[Black "medalja"]
[Result "1-0"]
[WhiteElo "2609"]
[BlackElo "2285"]
[TimeControl "180+2"]
[EndTime "14:08:22 PDT"]
[Termination "bubacik won by resignation"]

1. d4 Nf6 2. Nf3 d5 3. c4 e6 4. Nc3 Be7 5. Bf4 O-O 6. e3 c5 7. Qc2 cxd4 8. Nxd4 Nc6 9. O-O-O Qa5 10. Nb3 Qb6 11. c5 Qd8 12. e4 e5 13. Nxd5 Nxd5 14. exd5 exf4 15. dxc6 Qc7 16. Bd3 h6 17. Rhe1 a5 18.
Qc4 a4 19. Qe4 g6 20. Qxe7 Qxe7 21. Rxe7 axb3 22. axb3 bxc6 23. Kc2 Be6 24. Bc4 Bxc4 25. bxc4 Ra5 26. b4 Ra2+ 27. Kb3 Rxf2 28. b5 cxb5 29. cxb5 Rxg2 30. c6 f3 31. c7 f2 32. Rf1 Rg5 33.
Kc4 Rg4+ 34. Kc5 Rf4 35. b6 Rf5+ 36. Kc6 g5 37. b7 Rf6+ 38. Kd7 g4 39. c8=Q Rxc8 40.
bxc8=Q+ Kg7 41. Re8 1-0

[Event "*** Titled Tuesday Blitz"]
[Site "Chess.com"]
[Date "2019.04.02"]
[Round "1"]
[White "northridgehawk"]
[Black "Arystanner"]
[Result "0-1"]
[WhiteElo "2218"]
[BlackElo "2552"]
[TimeControl "180+2"]
[EndTime "14:08:22 PDT"]
[Termination "Arystanner won by resignation"]

1. e4 e5 2. Nf3 Nc6 3. Bb5 a6 4.
Ba4 Nf6 5. d3 Bc5 6. c3 d6 7.
O-O b5 8. Bc2 O-O 9. h3 Bb6 10.
Re1 Ne7 11. Nbd2 Ng6 12. Nf1 c6 13. Ng3 Re8 14. b4 d5 15. Qe2 Bd7 16. a4 h6 17.
Be3 Qc7 18. Bb3 Bxe3 19. Qxe3 Be6 20. exd5 Bxd5 21. c4 bxc4 22. dxc4 Bxf3 23. Qxf3 c5 24. b5 a5 25. Bc2 Rad8 26. Nf5 Re6 27. Rad1 Rxd1 28. Rxd1 e4 29. Qe3 Ne5 30. Qg3 Nh5 31. Qh4 Nf6 32. Bxe4 Ng6 33. Nxh6+ gxh6 34. Bxg6 fxg6 35.
Qxh6 Ne4 36. Rd5 Qf7 37. Qe3 Nd6 38. Qxc5 Re1+ 39. Kh2 Qf4+ 40. g3 Qf3 0-1

[Event "*** Titled Tuesday Blitz"]
[Site "Chess.com"]
[Date "2019.04.02"]
[Round "1"]
[White "Kostya_Nikologorskiy"]
[Black "Gareth-Bale11"]
[Result "1-0"]
[WhiteElo "2411"]
[BlackElo "2698"]
[TimeControl "180+2"]
[EndTime "14:08:23 PDT"]
[Termination "Kostya_Nikologorskiy won by resignation"]

1. d4 d5 2. c4 e6 3. Nc3 a6 4. cxd5 exd5 5. Nf3 Nf6 6. Bg5 Be6 7. e3 Nbd7 8. Bd3 Bd6 9. Qc2 c6 10. O-O Qc7 11.
Bf5 Bxf5 12. Qxf5 g6 13. Qd3 O-O 14. h3 Rfe8 15. Nd2 Rac8 16. Rae1 Bf8 17. f4 c5 18. f5 Bg7 19. fxg6 hxg6 20. Rf3 cxd4 21. Qxd4 Ne4 22.
Qxd5 Nxg5 23. Qxg5 Ne5 24. Rg3 Nd3 25. Rf1 Rcd8 26.
Nde4 Qe5 27. Qh4 f5 28. Ng5 Rd6 29. Rgf3 Nxb2 30. Qh7+ Kf8 31. Rxf5+ gxf5 32. Rxf5+ Qxf5 33. Qxf5+ Rf6 34. Nh7+ Kf7 35. Nxf6 Bxf6 36. Nd5 Re6 37. Nxf6 Rxf6 38. Qd7+ Kg6 39. Qxb7 Na4 40. Qe4+ 1-0

[Event "*** Titled Tuesday Blitz"]
[Site "Chess.com"]
[Date "2019.04.02"]
[Round "1"]
[White "Perecke"]
[Black "NikolaN98"]
[Result "0-1"]
[WhiteElo "2062"]
[BlackElo "2519"]
[TimeControl "180+2"]
[EndTime "14:08:25 PDT"]
[Termination "NikolaN98 won by resignation"]

1. e4 c5 2. Nf3 d6 3. d4 cxd4 4. Nxd4 Nf6 5. Nc3 g6 6. Be3 Bg7 7. f3 Nc6 8. Qd2 O-O 9. g4 Be6 10. Nxe6 fxe6 11. h4 Ne5 12. Be2 Qc8 13. h5 Nfd7 14.
hxg6 hxg6 15. Bh6 Nxf3+ 16. Bxf3 Bxc3 17. bxc3 Rxf3 18. Be3 Ne5 19. Bd4 Qf8 20. O-O-O Rc8 21. Qh2 Qf4+ 22. Qxf4 Rxf4 23. Bxe5 dxe5 24. Rd7 Rxc3 25.
Rh2 Rcf3 26. Rxe7 Rf7 27. Re8+ Kg7 28. Rxe6 Rg3 29. Rxe5 Rxg4 30. Re8 a5 31. e5 Re4 32. e6 Rc7 33. Reh8 Kf6 34. Rf8+ Kxe6 35. Re8+ Re7 36. Rxe7+ Kxe7 37. Rh7+ Kf6 38. Rxb7 g5 39. Rb6+ Kf5 40. Rb8 Re6 41. Rf8+ Rf6 42. Rb8 g4 43. Rb5+ Kf4 44. Rxa5 g3 45. Ra4+ Kf3 46. Ra8 g2 47. Rg8 Rf4 48.
Rxg2 Kxg2 49. a3 Kf3 50. Kb2 Ke4 51. Kb3 Kd5 52. a4 Kc5 0-1

[Event "*** Titled Tuesday Blitz"]
[Site "Chess.com"]
[Date "2019.04.02"]
[Round "1"]
[White "INDIAN-ELEPHANT"]
[Black "ENEASZ"]
[Result "1/2-1/2"]
[WhiteElo "2710"]
[BlackElo "2405"]
[TimeControl "180+2"]
[EndTime "14:08:27 PDT"]
[Termination "Game drawn - insufficient material"]

1. d4 Nf6 2. Nf3 d5 3. c4 e6 4. g3 Be7 5. Bg2 O-O 6. O-O dxc4 7. Qa4 a6 8. Qxc4 b5 9. Qc2 Bb7 10. Bf4 Bd6 11. Bg5 Nbd7 12. Rd1 h6 13. Bxf6 Nxf6 14. Nbd2 Qe7 15. Nb3 a5 16. Ne5 Bxg2 17. Kxg2 a4 18. Na5 Ra6 19. Nac6 Qe8 20. Rac1 Nd5 21. e4 Nb6 22.
Qe2 f5 23. Qxb5 Ra8 24. Qe2 fxe4 25. Qxe4 Rf5 26. f4 Nd5 27. Re1 a3 28. b3 g5 29.
Ng4 Kg7 30. Qxe6 Qxe6 31. Rxe6 gxf4 32. Nxh6 Rh5 33. Ng4 fxg3 34. hxg3 Rg5 35. Nce5 Bxe5 36. Rxe5 Rxe5 37. Nxe5 Nb4 38. Rxc7+ Kf6 39. Rf7+ Ke6 40. Rf2 Kd5 41. Nc4 Kxd4 42. Nb6 Ra6 43. Rf4+ Kc3 44. Na4+ Rxa4 45. bxa4 Nxa2 46. a5 Nb4 47. a6 a2 48. Rf1 Nxa6 49. g4 Nc5 50. Kg3 Kb2 51. g5 Ne4+ 52. Kf4 Nxg5 53. Kxg5 a1=Q 54. Rxa1 Kxa1 1/2-1/2

[Event "*** Titled Tuesday Blitz"]
[Site "Chess.com"]
[Date "2019.04.02"]
[Round "1"]
[White "2nd_life"]
[Black "platy3"]
[Result "0-1"]
[WhiteElo "2438"]
[BlackElo "2777"]
[TimeControl "180+2"]
[EndTime "14:08:29 PDT"]
[Termination "platy3 won by resignation"]

1. e4 c5 2. Nf3 d6 3. d4 cxd4 4. Nxd4 Nf6 5. Nc3 a6 6. Be3 e5 7. Nb3 Be6 8. Qd2 Nbd7 9. f4 Rc8 10. Bd3 b5 11. O-O Be7 12. f5 Bc4 13. Qe2 Bxd3 14. cxd3 b4 15. Nd1 d5 16. Nf2 Nc5 17. Nxc5 Bxc5 18.
Rac1 Bxe3 19. Qxe3 O-O 20. g4 h6 21. Rxc8 Qxc8 22. Rc1 Qd8 23. h4 Nh7 24. Qg3 dxe4 25. dxe4 Qd2 26. Rc6 Nf6 27. b3 Qe1+ 28. Kg2 Nxe4 29.
Nxe4 Qxe4+ 30. Qf3 Qd4 31. Rc4 Qd2+ 32. Qf2 Qd5+ 33. Qf3 Qd8 34. Kg3 a5 35. Qe3 Re8 36. g5 hxg5 37. hxg5 e4 38. Kg4 Qd1+ 39. Kf4 Qd6+ 40.
Kg4 Qd1+ 41. Kf4 Qf1+ 42. Kg4 Qg2+ 43. Kf4 f6 44. gxf6 gxf6 45. Rxe4 Qg5+ 46. Kf3 Qxf5+ 47. Qf4 Qxe4+ 48. Qxe4 Rxe4 49. Kxe4 Kf7 0-1

[Event "*** Titled Tuesday Blitz"]
[Site "Chess.com"]
[Date "2019.04.02"]
[Round "1"]
[White "VeraNebolsina"]
[Black "Last7Samurai"]
[Result "0-1"]
[WhiteElo "2404"]
[BlackElo "2730"]
[TimeControl "180+2"]
[EndTime "14:08:29 PDT"]
[Termination "Last7Samurai won by resignation"]

1. e4 e5 2. Nf3 Nc6 3. Nc3 Nf6 4. d4 exd4 5. Nxd4 Bb4 6. Nxc6 bxc6 7. Bd3 d6 8. O-O Ng4 9. Bf4 Qf6 10. Bg3 h5 11. Qf3 Qxf3 12. gxf3 Ne5 13. Be2 Ng6 14. h4 Rb8 15. Na4 Bd2 16. Rfd1 Bf4 17. c4 c5 18. b3 Be5 19. Bxe5 Nxe5 20. Kh2 O-O 21. Nc3 f5 22. f4 Ng6 23. Bxh5 Nxf4 24. Bf3 Ng6 25. h5 Ne5 26. Bg2 fxe4 27. Nxe4 Bg4 28. Re1 Bxh5 29. Kg3 Bg6 30. Rh1 Rbe8 31. Ng5 Rf5 32.
Bd5+ Kf8 33. f4 Nf7 34. Nxf7 Bxf7 35. Rh8+ Ke7 36. Re1+ Kd7 37. Bc6+ Kxc6 38. Rhxe8 Bxe8 39. Rxe8 g5 40. Kg4 Rxf4+ 41. Kxg5 Rf2 42. Rb8 Rxa2 43. Kf6 a5 44. Ke7 a4 45. bxa4 Rxa4 46. Kd8 Rxc4 0-1

[Event "*** Titled Tuesday Blitz"]
[Site "Chess.com"]
[Date "2019.04.02"]
[Round "1"]
[White "Martins-BR"]
[Black "SF-96"]
[Result "1-0"]
[WhiteElo "2262"]
[BlackElo "2556"]
[TimeControl "180+2"]
[EndTime "14:08:32 PDT"]
[Termination "Martins-BR won by checkmate"]

1. e4 e5 2. Nf3 Nc6 3. d4 exd4 4. Nxd4 Bc5 5. Be3 Qf6 6. c3 Nge7 7. g3 Bb6 8. Bg2 Nxd4 9. cxd4 d5 10. O-O dxe4 11.
Nc3 O-O 12. Nxe4 Qg6 13. Nc5 c6 14. Qb3 Nf5 15. Rac1 Nxe3 16. fxe3 Rb8 17. Be4 Qh6 18.
Rf4 Bd8 19. Rcf1 Bf6 20. Bc2 Bh3 21. R1f2 Kh8 22. Ne4 Be6 23. Qd3 Be7 24. Nc5 Bxc5 25. dxc5 Rbd8 26. Qe4 Bd5 27. Qe7 Rfe8 28. Qc7 Qg5 29.
e4 Bc4 30. Qxb7 Qxc5 31. Kg2 Bb5 32. Qxf7 h6 33. e5 Re7 34. Qf8+ Rxf8 35. Rxf8# 1-0